Map: Néo-Gettysburg EC

Players

zidar

  • Race: Zerg Zerg
  • League: Platinum
  • Spawn Location: 7:00

Mac - Winner!

  • Race: Zerg Zerg
  • League: Platinum
  • Spawn Location: 5:00

VOD

Have the link to the VOD?

Description

Time

  • Played on: Nov. 3, 2016, 3:03 p.m.
  • Length: 6:05
Show
View Real Time Build Order
Export as new Build Order

zidar Zerg 

Build Orders: 1 Base Baneling Bust, Pool First 

Get SALT Encoding   

  12  0:01  Drone  
  13  0:08  Drone  
  14  0:14  Extractor  
  14  0:15  Drone  
  14  0:38  Spawning Pool, Drone  
  14  0:48  Overlord  
  14  0:58  Overlord  
  14  1:25  Metabolic Boost  
  14  1:27  Zergling x6  
  17  1:35  Queen  
  19  1:44  Zergling x2  
  20  1:50  Zergling x2  
  21  2:03  Zergling x2  
  21  2:04  Baneling Nest  
  21  2:12  Zergling x2  
  22  2:25  Zergling x2  
  23  2:34  Zergling x2  
  24  2:44  Zergling x6  
  24  2:45  Zergling x2  
  28  3:09  Zergling x4  
  28  3:27  Overlord  
  28  3:28  Overlord x2  
  27  3:51  Baneling  
  27  3:52  Baneling x3  
  18  4:05  Zergling x2  
  18  4:06  Zergling x10  
  21  4:33  Zergling x4  
  21  4:35  Hatchery  
  22  4:41  Baneling x3  
  17  4:58  Zergling x2  
  17  4:59  Zergling x8  
  22  5:02  Queen  
  23  5:30  Baneling x2  
Show
View Real Time Build Order
Export as new Build Order

Mac Zerg - Winner!

Build Orders: Hatch First 

Get SALT Encoding   

  12  0:01  Drone  
  13  0:13  Overlord  
  13  0:20  Drone  
  14  0:32  Drone x2  
  16  0:52  Hatchery  
  16  0:55  Drone  
  16  0:57  Drone  
  17  1:13  Spawning Pool  
  17  1:15  Drone  
  17  1:18  Extractor  
  16  1:28  Drone  
  16  1:29  Drone  
  16  1:32  Drone  
  19  1:46  Drone  
  20  2:02  Overlord  
  20  2:05  Queen x2  
  24  2:16  Zergling x8  
  28  2:25  Metabolic Boost  
  28  2:50  Drone x2  
  28  2:51  Drone x4  
  34  3:02  Overlord  
  34  3:05  Drone  
  30  3:20  Spine Crawler  
  30  3:21  Spine Crawler  
  30  3:23  Spine Crawler, Zergling x10  
  30  3:51  Zergling x10  
  28  4:24  Zergling x10  
  28  4:25  Zergling x2  
  33  4:40  Roach Warren  
  31  5:03  Drone x4  
  35  5:08  Drone  
  35  5:30  Zergling x2  
  35  5:31  Roach  
  35  5:32  Roach x3  
Tags
 
Add a new tag
Caveats
  • Supply blocks, unpowered buildings, or Contaminate may cause inaccurate times.
  • Supply counts are checked every 10 seconds.